[Event "Ebbe Cup 48"]
[Site "Goteborgs Schackcentrum, Vegatan 20, Gothenburg, Sweden"]
[Date "2025.02.16"]
[Round "5.1"]
[White "Andren, Patrik"]
[Black "Brodocz, Bartosz"]
[Result "1-0"]
[TimeControl "90 minutes + 30 seconds per move from move one"]
[WhiteFideId "1767135"]
[BlackFideId "21025894"]
[WhiteElo "1959"]
[BlackElo "1821"]

1. e4 c5 2. Nc3 g6 3. d4 cxd4 4. Qxd4 Nf6 5. Nf3 Nc6 6. Qa4 d6 7. e5 dxe5 8. Nxe5 Bd7 9. Nxd7 Qxd7 10.
Be3 a6 11. Rd1 Qc7 12. Bf4 e5 13. Bg5 Bg7 14. Nb5 Qb8 15. Nd6+ Kf8 16. Qa3 Ne7 17. Bxf6 Bxf6 18. Qb3 Nd5 19.
Qxd5 Qc7 20. Bc4 Rd8 21. Qxf7+ Qxf7 22. Nxf7 Rxd1+ 23. Kxd1 Rg8 24. Re1 Kg7 25. Nxe5 Rd8+ 26. Nd3 Bxb2 27.
Re7+ Kh6 28. Rxb7 Bc3 29. Bxa6 Ra8 30. Bc4 Ra4 31. Bg8 Bg7 32. f4 Ra8 33. Bd5 Re8 34. g4 1-0

[ePGN "0.1;DGT LiveChess/2.2.6"]

[Event "Ebbe Cup 48"]
[Site "Goteborgs Schackcentrum, Vegatan 20, Gothenburg, Sweden"]
[Date "2025.02.16"]
[Round "5.2"]
[White "Green, David"]
[Black "Christoforidis, Nicolas"]
[Result "0-1"]
[TimeControl "90 minutes + 30 seconds per move from move one"]
[WhiteFideId "1769332"]
[BlackFideId "1789180"]
[WhiteElo "1892"]
[BlackElo "1886"]

1. e4 c5 2. Nf3 d6 3. d4 cxd4 4.
Nxd4 a6 5. Nc3 g6 6. Be3 Nf6 7. f3 Bg7 8. Qd2 Nc6 9. O-O-O Nxd4 10. Bxd4 O-O 11. g4 Be6 12. Kb1 Rc8 13.
h4 h5 14. gxh5 Nxh5 15. Bxg7 Kxg7 16.
Bh3 Bxh3 17. Rxh3 Qd7 18. Rhh1 Qe6 19. Rdg1 Rc5 20. Rg5 Rxg5 21. hxg5 Qe5 22. Nd5 Re8 23. Re1 Qg3 24. Qe3 e5 25. Rd1 Rd8 26. a3 Qh3 27. Rd3 Qe6 28. Rb3 Rb8 29.
Qc3 b5 30. Qc6 Ng3 31. Nc7 Qh3 32. Re3 Qf1+ 33. Ka2 Ne2 34. Rxe2 Qxe2 35. Ne6+ Kh7 36. Qxd6 Qc4+ 37. Kb1 Rc8 38.
Nf8+ Kg7 39. Nd7 Qxc2+ 40. Ka1 Qc1+ 41.
Ka2 Qc4+ 42. Ka1 Qe6 43. Qxe6 fxe6 44. Nxe5 Rc5 45. f4 Rc1+ 46. Ka2 Re1 47. Nd3 Rxe4 48. Nc5 Re2 49. Nxa6 e5 50.
fxe5 Rxe5 51. Nc7 Kf7 52. Kb3 Rc5 53. Na6 Rxg5 54. Kb4 Rg2 55. b3 Re2 56. Kxb5 g5 57. Kc4 g4 58. Nc5 g3 59.
Nd3 g2 60. Nf4 Rc2+ 61. Kd3 g1=Q 62. Kxc2 Qf2+ 0-1

[ePGN "0.1;DGT LiveChess/2.2.6"]

[Event "Ebbe Cup 48"]
[Site "Goteborgs Schackcentrum, Vegatan 20, Gothenburg, Sweden"]
[Date "2025.02.16"]
[Round "5.3"]
[White "Havner, Arvid"]
[Black "Bergdahl, Daniel"]
[Result "1/2-1/2"]
[TimeControl "90 minutes + 30 seconds per move from move one"]
[WhiteFideId "1769308"]
[BlackFideId "1780921"]
[WhiteElo "1881"]
[BlackElo "1818"]

1. c4 Nf6 2. g3 g6 3. Bg2 Bg7 4.
Nc3 O-O 5. Nf3 d6 6. d4 c5 7. O-O Nc6 8. d5 Na5 9. Nd2 Nd7 10. e4 Ne5 11. Qe2 a6 12. h3 Rb8 13. a4 Qb6 14.
f4 Nd7 15. Qd3 Qc7 16. Rb1 Nb6 17. b3 f5 18. Bb2 e5 19. dxe6 Bxe6 20.
Nd5 Bxd5 21. exd5 Bxb2 22. Rxb2 Qg7 23. Rbb1 Rbe8 24. Nf3 h6 25. Qd2 Naxc4 26. bxc4 Nxc4 27. Qd3 Re4 28. Rfe1 Rfe8 29.
Qxc4 Rxc4 30. Rxe8+ Kh7 31. Rbe1 Re4 32. R8xe4 fxe4 33. Rxe4 b5 34. axb5 axb5 35. Re6 b4 36. Ne5 Qa7 37.
Rxd6 Qa1+ 38. Kf2 b3 39. Be4 Qd4+ 40. Kf3 Qd1+ 41. Ke3 Qd4+ 1/2-1/2

[ePGN "0.1;DGT LiveChess/2.2.6"]

[Event "Ebbe Cup 48"]
[Site "Goteborgs Schackcentrum, Vegatan 20, Gothenburg, Sweden"]
[Date "2025.02.16"]
[Round "5.4"]
[White "Gallardo, Guillermo"]
[Black "Madevan Vaishnavi, Yaashvan"]
[Result "1/2-1/2"]
[TimeControl "90 minutes + 30 seconds per move from move one"]
[WhiteFideId "1773488"]
[BlackFideId "1772180"]
[WhiteElo "1773"]
[BlackElo "1867"]

1. c4 e5 2. g3 Nf6 3. Bg2 Nc6 4. Nc3 Bc5 5. e3 O-O 6. Nge2 Re8 7. O-O e4 8. d4 exd3 9. Qxd3 d6 10.
Qd1 Ne5 11. b3 Rb8 12. Na4 Bb6 13. Nxb6 axb6 14. Nc3 Bg4 15. f3 Be6 16. e4 Nc6 17. Bb2 Nd7 18. Qd2 f5 19. Nd5 Rf8 20.
Nf4 Qe7 21. Qc3 Rf7 22. Rae1 Nde5 23. Nxe6 Qxe6 24. f4 Ng4 25. h3 Nf6 26. e5 Ne4 27. exd6 cxd6 28. Bxe4 fxe4 29. f5 Qh6 30.
g4 Re8 31. Qe3 Qxe3+ 32. Rxe3 h6 33. Ba3 Nd4 34. Bxd6 Rd7 35. Bg3 Nc2 36. Re2 Nd4 37. Re3 Nc2 38. Re2 Nd4 39. Re3 1/2-1/2

[ePGN "0.1;DGT LiveChess/2.2.6"]

[Event "Ebbe Cup 48"]
[Site "Goteborgs Schackcentrum, Vegatan 20, Gothenburg, Sweden"]
[Date "2025.02.16"]
[Round "5.5"]
[White "Gustavsson, Ville"]
[Black "Evertsson, David"]
[Result "1-0"]
[TimeControl "90 minutes + 30 seconds per move from move one"]
[WhiteFideId "1792822"]
[BlackFideId "1777424"]
[WhiteElo "1884"]
[BlackElo "1710"]

1. e4 c5 2. Nc3 Nc6 3. f4 g6 4.
Nf3 Bg7 5. Bb5 Nd4 6. a4 a6 7. Bc4 e6 8. d3 Ne7 9. O-O O-O 10. Ba2 d5 11. e5 Nec6 12. Ne2 Nxf3+ 13. Rxf3 d4 14.
Ng3 Ne7 15. Ne4 b6 16. Bd2 Bb7 17. Qe1 Qc7 18. g4 Qc6 19. Qh4 Nf5 20. gxf5 exf5 21. Re1 fxe4 22. dxe4 Qxa4 23. Bb3 Qb5 24.
f5 c4 25. Bh6 cxb3 26. Bxg7 Kxg7 27. f6+ Kh8 28. Qh6 Rg8 29. Rh3 Qf1+ 30. Rxf1 Bxe4 31. Qxh7# 1-0

[ePGN "0.1;DGT LiveChess/2.2.6"]

[Event "Ebbe Cup 48"]
[Site "Goteborgs Schackcentrum, Vegatan 20, Gothenburg, Sweden"]
[Date "2025.02.16"]
[Round "5.6"]
[White "Hitcher, Oscar"]
[Black "Munuswamy, Shivakumar"]
[Result "1-0"]
[TimeControl "90 minutes + 30 seconds per move from move one"]
[WhiteFideId "1746901"]
[BlackFideId "1788914"]
[WhiteElo "1712"]
[BlackElo "1586"]

1. Nf3 d5 2. d4 e6 3. e3 Nf6 4. c4 Be7 5. cxd5 Nxd5 6. Bd3 O-O 7. O-O b6 8. Nc3 Ba6 9. Nxd5 Qxd5 10. a3 Bxd3 11. Qxd3 c5 12.
e4 Qd6 13. Be3 Rd8 14. g3 Nc6 15. Rfd1 e5 16. d5 Nd4 17. Bxd4 cxd4 18. Rac1 Rac8 19. Rc4 Rc7 20. Rdc1 Rdc8 21.
Kg2 Rxc4 22. Rxc4 Rxc4 23. Qxc4 h6 24. Qc8+ Bf8 25. Qa6 Qc7 26. b4 f6 27. Qd3 Qc3 28. Qxc3 dxc3 29. Ne1 g6 30.
Kf3 h5 31. Ke3 a5 32. Nc2 Bh6+ 33. Kd3 Bd2 34. Kc4 axb4 35. axb4 Kf7 36. Kb5 Ke7 37. Kxb6 Kd6 38. Ka6 Bh6 39.
b5 Bf8 40. b6 Kd7 41. Kb5 Bd6 42. Kc4 Kc8 43. Kxc3 Kb7 44. Kc4 Kxb6 45. f3 Ka5 46. h3 Kb6 47. g4 h4 48. Ne3 Bc5 49.
Ng2 g5 50. Ne1 Bd6 51. Nc2 Bc5 52. Nb4 Bd6 53. Nc6 Kc7 54. Kb5 Kb7 55. Nd8+ Kc7 56. Ne6+ Kb7 57. Ng7 Bf8 58. Ne8 Be7 59.
d6 Bd8 60. Kc5 1-0

[ePGN "0.1;DGT LiveChess/2.2.6"]

[Event "Ebbe Cup 48"]
[Site "Goteborgs Schackcentrum, Vegatan 20, Gothenburg, Sweden"]
[Date "2025.02.16"]
[Round "5.7"]
[White "Sreedvan, Shrishti"]
[Black "Hamsten, Martin"]
[Result "0-1"]
[TimeControl "90 minutes + 30 seconds per move from move one"]
[WhiteFideId "1773739"]
[BlackFideId "1780425"]
[WhiteElo "1519"]
[BlackElo "1669"]

1. e4 c6 2. d4 d5 3. exd5 cxd5 4.
Nf3 Nc6 5. Nc3 a6 6. h3 Bf5 7. a3 e6 8. Bf4 Bd6 9. Bxd6 Qxd6 10. Bd3 Nge7 11. O-O O-O 12. Re1 Bxd3 13. Qxd3 b5 14.
Ng5 g6 15. Rad1 Nf5 16. Nf3 b4 17. axb4 Qxb4 18. b3 Rfc8 19. Na4 Nd6 20. Nc5 Nb5 21. Na4 Rab8 22. c4 dxc4 23. Qxc4 Qd6 24. Qd3 Nb4 25. Qe4 Nc3 26.
Nxc3 Rxc3 27. Re3 Nd5 28. Qe5 Qxe5 29. Rxe5 Rbxb3 30. Nd2 Rb8 31. Ra1 Rc2 32. Ne4 Ra8 33. Nc5 a5 34. Nb3 a4 35.
Nc5 a3 36. Ree1 a2 37. Nb3 Rb8 38. Nc1 Rb1 39. Nxa2 Rxe1+ 40. Rxe1 Rxa2 41. Rd1 h5 42. g3 g5 43. Rd3 f5 44.
Kg2 f4 45. Kf3 fxg3 46. fxg3 Kf7 47. Ke4 Rf2 48. Rf3+ Rxf3 49. Kxf3 Kg6 50. g4 h4 51. Ke4 Kf6 52. Kf3 Nc3 53.
Ke3 e5 54. dxe5+ Kxe5 55. Kf3 Nd5 56. Kg2 Ke4 57. Kg1 Kf3 58. Kh2 Nf4 59. Kh1 Kg3 60. Kg1 Nxh3+ 0-1

[ePGN "0.1;DGT LiveChess/2.2.6"]

[Event "Ebbe Cup 48"]
[Site "Goteborgs Schackcentrum, Vegatan 20, Gothenburg, Sweden"]
[Date "2025.02.16"]
[Round "5.8"]
[White "Laudinger, Christian"]
[Black "Dahlin, Emil"]
[Result "1-0"]
[TimeControl "90 minutes + 30 seconds per move from move one"]
[WhiteFideId "1774638"]
[BlackFideId "1771035"]
[WhiteElo "1626"]
[BlackElo "1698"]

1. f4 f5 2. Nf3 Nf6 3. g3 g6 4. Bg2 Bg7 5. d3 O-O 6. O-O d6 7. Nc3 Nc6 8. e4 fxe4 9. dxe4 Be6 10.
Re1 Bf7 11. Ng5 e5 12. Nxf7 Rxf7 13. f5 Ne7 14. g4 h6 15. h4 Nh7 16. Be3 g5 17. Kf2 Bf6 18. Qd2 gxh4 19. Bxh6 h3 20.
Bxh3 Bh4+ 21. Kf3 Bxe1 22. Rxe1 Ng6 23. g5 Qd7 24. Kg3 Nhf8 25. Kh2 Nf4 26. Qe3 Rh7 27. Rg1 c6 28. Ne2 Nxe2 29.
Qxe2 Qc7 30. Qd2 Rd8 31. g6 Rhd7 32.
f6 Nxg6 33. Rxg6+ Kf7 34. Qg5 Rh8 35. Rg7+ Ke8 36. Rg8+ Kf7 37. Qg6# 1-0

[ePGN "0.1;DGT LiveChess/2.2.6"]

[Event "Ebbe Cup 48"]
[Site "Goteborgs Schackcentrum, Vegatan 20, Gothenburg, Sweden"]
[Date "2025.02.16"]
[Round "5.9"]
[White "Gallon, John"]
[Black "Hernebring, Marten"]
[Result "0-1"]
[TimeControl "90 minutes + 30 seconds per move from move one"]
[WhiteFideId "1783661"]
[BlackFideId "1776894"]
[WhiteElo "1651"]
[BlackElo "1663"]

1. e4 e5 2. Nc3 Nf6 3. g3 Bc5 4. Bg2 O-O 5. Nge2 Nc6 6. O-O d6 7. Na4 Bg4 8. Nxc5 Bxe2 9. Qxe2 Nd4 10.
Qd1 dxc5 11. d3 Ne8 12. f4 exf4 13. Bxf4 Kh8 14. Qd2 Ne6 15. Be3 c6 16. Bh3 N8c7 17. Rf2 Qe7 18. Raf1 b6 19.
a4 Rad8 20. c3 h5 21. Qc1 Rxd3 22. Rd1 Rfd8 23. Rxd3 Rxd3 24. Bf1 Rd7 25. Rd2 Nf8 26. Bh3 Rxd2 27. Qxd2 Qxe4 28. Kf2 Nd5 29.
Bg2 Qxe3+ 30. Qxe3 Nxe3 31. Kxe3 Nd7 32. Bxc6 Ne5 33. Bf3 Nxf3 34. Kxf3 Kh7 35. Kf4 Kg6 36. Ke4 Kg5 37. Kd5 Kg4 38.
Kc6 Kh3 39. Kb7 Kxh2 40. Kxa7 Kxg3 41. Kxb6 h4 42. a5 h3 43. a6 h2 44. a7 h1=Q 45. Kxc5 Qb7 46. a8=Q Qxa8 47. b4 f5 48.
b5 f4 49. b6 Qa5+ 50. Kc6 Qxc3+ 51. Kb7 Qb4 52. Ka7 Qxb6+ 53. Kxb6 f3 54. Kc5 f2 55. Kd4 Kf4 56. Kc4 f1=Q+ 57. Kb3 Ke3 58. Kc2 Ke2 59. Kb3 g5 60. Kc2 g4 61.
Kb3 g3 62. Kc2 g2 63. Kb3 g1=R 64. Kc2 Qb1+ 65. Kc3 Rg3+ 66. Kc4 Qe4+ 67. Kb5 Rg5+ 68. Ka6 Qe6+ 69. Kb7 Rg7+ 70. Ka8 Qe8# 0-1

[ePGN "0.1;DGT LiveChess/2.2.6"]

[Event "Ebbe Cup 48"]
[Site "Goteborgs Schackcentrum, Vegatan 20, Gothenburg, Sweden"]
[Date "2025.02.16"]
[Round "5.10"]
[White "Sivarama, Saadhvik"]
[Black "Hassinge, Ove"]
[Result "0-1"]
[TimeControl "90 minutes + 30 seconds per move from move one"]
[WhiteFideId "1773720"]
[BlackFideId "1774530"]
[WhiteElo "1657"]
[BlackElo "1655"]

1. e4 c5 2. Nf3 g6 3. d4 cxd4 4. Qxd4 Nf6 5. Bc4 Nc6 6. Qd3 Bg7 7. Nc3 O-O 8. O-O d6 9. h3 Bd7 10.
Be3 Na5 11. Bb3 Nxb3 12. axb3 a6 13. Rfd1 Bc6 14. Nd4 Rc8 15. Nxc6 Rxc6 16. Bd4 Qc8 17. Rd2 Qe6 18. Re1 Re8 19.
Rde2 Qc8 20. Nd5 Nxd5 21. exd5 Rc7 22. Bxg7 Kxg7 23. Qd4+ Kg8 24. Qh4 Qd7 25. Qh6 Qf5 26. c4 e5 27.
dxe6 Rxe6 28. Rxe6 fxe6 29. Re3 Rf7 30. Rf3 Qb1+ 31. Kh2 Rxf3 32. gxf3 Qxb2 33. Qe3 Qe5+ 34. Qxe5 dxe5 35. Kg3 Kg7 36.
b4 Kf6 37. h4 Kf5 38. c5 h6 39. Kh3 Kf4 40. Kg2 h5 41. Kf1 Kxf3 42. Kg1 Kg4 43. Kg2 Kxh4 44. Kh2 Kg4 45. Kg2 Kf4 46.
f3 e4 0-1